 Dungeon Crawl Stone Soup version 0.30-a0-702-gdf48620a09 (webtiles) character file.

Game seed: 11818390194099202788

8276 demibob the Martial Artist (level 11, -9/83 (93) HPs)
             Began as a White Draconian Chaos Knight on Jan 22, 2023.
             Was a Plaything of Xom.
             Mangled by a basilisk (13 damage)
             ... on level 1 of the Lair of Beasts.
             The game lasted 00:18:02 (11832 turns).

demibob the Martial Artist (DrCK)                  Turns: 11832, Time: 00:18:04

HP:   -9/83 (93)    AC:  8    Str: 13    XL:     11   Next: 7%
MP:   11/11         EV: 14    Int: 20    God:    Xom [*.....]
Gold: 1172          SH:  0    Dex: 13    Spells: 10/10 levels left

rFire   + . .      SeeInvis +      - Unarmed
rCold   + . .      Faith    .    (no shield)
rNeg    . . .      Spirit   .    (body armour unavailable)
rPois   +          Reflect  .    (helmet restricted)
rElec   .          Harm     .    (no cloak)
rCorr   .          Rampage  .    (no gloves)
Will    .....                    (no boots)
Stlth   +                        (no amulet)
HPRegen 0.33/turn                P - ring of poison resistance
MPRegen 0.12/turn                v - ring of see invisible

@: hasted, heavily drained, invisible, unable to read, very quick
A: breathe frost, AC +7, unfitting armour, cold resistance 1, cold-blooded,
antennae 1, clever 2, fire resistance 1, shaggy fur 1, inability to read after
injury 1, noise suppression
a: Breathe Frost, Renounce Religion


You were on level 1 of the Lair of Beasts.
You worshipped Xom.
You were a special plaything of Xom.
You visited 2 branches of the dungeon, and saw 12 of its levels.
You also visited: Sewer.

You collected 1172 gold pieces.


Innate Abilities, Weirdness & Mutations

You can breathe waves of freezing cold which knock back foes.
Your icy white scales are hard. (AC +7)
You cannot fit into any form of body armour.
Your flesh is cold resistant. (rC+)
You are cold-blooded and may be slowed by cold attacks.
You have a pair of small antennae on your head.
Your mind is very acute. (Int +8, Str/Dex -2)
Your flesh is heat resistant. (rF+)
You are covered in fur. (AC +1)
You occasionally lose the ability to read scrolls when taking damage.
You passively dampen the noise of your surroundings.


   Skills:
 + Level 7.7 Fighting
 + Level 6.1 Dodging
 + Level 14.8 Unarmed Combat


You had 10 spell levels left.
You didn't know any spells.
Your spell library contained the following spells:

 Spells                   Type           Power      Damage    Failure   Level
 Confusing Touch          Hex            0%         N/A       50%         3
 Inner Flame              Hex/Fire       0%         N/A       50%         3
 Kindle Blastsparks       Fire/Tloc/Air  0%         2d10      50%         3
 Vhi's Electric Charge    Tloc/Air       0%         N/A       50%         3
 Fulminant Prism          Conj/Hex       0%         3d5       88%         4
 Iskenderun's Mystic Bla  Conj/Tloc      0%         2d3       88%         4
 Alistair's Intoxication  Tmut/Pois      0%         N/A       99%         5
 Arcjolt                  Conj/Air       0%         1d10      99%         5
 Borgnjor's Vile Clutch   Necr/Erth      0%         N/A       99%         5
 Lee's Rapid Deconstruct  Erth           0%         3d4*      99%         5
 Eringya's Noxious Bog    Tmut/Pois      0%         N/A       100%        6
 Maxwell's Capacitive Co  Air            0%         ∞         100%        8
 Necromutation            Tmut/Necr      0%         N/A       100%        8

Inventory:

Missiles
 o - a throwing net {=f}
Jewellery
 n - the ring of the Marlin {rF+ MP+9 Int+3}
   (Xom gifted it to you on level 8 of the Dungeon)

   [ring of magical power]

   Int:       It affects your intelligence (+3).
   rF:        It protects you from fire.
   MP:        It affects your magic capacity (+9).
 v - a ring of see invisible (right hand)
 F - a ring of fire
 I - a +6 ring of intelligence
 P - a ring of poison resistance (left hand)
Wands
 g - a wand of polymorph (13)
 s - a wand of mindburst (3)
Scrolls
 c - 2 scrolls of vulnerability
 e - 4 scrolls of fog
 j - 2 scrolls of fear
 l - a scroll of enchant armour
Potions
 b - 2 potions of attraction
 h - a potion of magic {unknown}
 i - 4 potions of ambrosia
 k - a potion of invisibility
 m - a potion of resistance {unknown}
 p - 2 potions of flight
 q - a potion of brilliance {unknown}
Miscellaneous
 a - a piece from Xom's chessboard (15/15) (quivered)

Dungeon Overview and Level Annotations

Branches:
Dungeon (10/15)            Temple (0/1) D:5            Lair (2/5) D:10
  Sewer (visited)
  Swamp: Lair:2-3    Shoals: Lair:2-3     Snake: Lair:2-3    Spider: Lair:2-3
    Orc: D:9-12

Altars:
Makhleb
Okawaru
Qazlal
Ru
Xom

Shops:
D:10 (*

Annotations:
D:5 2 transporters

#...##.#+...
#...# .8 ..
.... #..##
...####...#
P..
.....##...#
....#...#
.....#.#
#.Y.#.#
#.l...#
#@#..##
##.Y..#
##8.Y# #YY.#
#..## #....
Y...###
$.Y.## .....


You could see 5 yaks and a basilisk (invisible, unable to see you).


Message History

* * * LOW HITPOINT WARNING * * *
The basilisk barely misses you.
You feel better.
It was a potion of invisibility.
You fade into invisibility!
The yak barely misses you. The basilisk bites you!
* * * LOW HITPOINT WARNING * * *
You closely miss the basilisk.
The yak bellows!
You tail-slap the basilisk.
The basilisk is moderately wounded.
The basilisk bites you.
* * * LOW HITPOINT WARNING * * *
You hit the basilisk.
The basilisk is heavily wounded.
You closely miss the basilisk. Your punch misses the basilisk.
The basilisk is heavily wounded. "This might be better!"
The basilisk flickers and vanishes for a moment.
The basilisk barely misses you.
You hit the basilisk. Your punch misses the basilisk.
The basilisk is heavily wounded.
You punch the basilisk!
Your tail-slap misses the basilisk.
The basilisk is almost dead.
You closely miss the basilisk. Your punch misses the basilisk.
The basilisk is almost dead.
The basilisk bites you!
You feel threatened and lose the ability to read scrolls!
You die...
Xom titters!

Skill      XL: |  1  2  3  4  5  6  7  8  9 10 11 |
---------------+----------------------------------+-----
Unarmed Combat | 4 5 7 8 9 12 13 14 | 14.8
Fighting       | 4 7 |  7.7
Dodging        | 3 5 6 |  6.1

Action                   |  1- 3 |  4- 6 |  7- 9 | 10-12 || total
-------------------------+-------+-------+-------+-------++-------
Melee: Unarmed           |    58 |   137 |   536 |   212 ||   943
       Tailslap          |     4 |    17 |    61 |    39 ||   121
       Punch             |     1 |     1 |    42 |    13 ||    57
       Kick              |       |       |    20 |    24 ||    44
 Abil: Breathe Frost     |       |       |     8 |     4 ||    12
Evoke: Piece from Xom's  |       |     4 |       |       ||     4
       Wand              |       |       |       |     2 ||     2
  Use: Scroll            |     3 |     4 |    13 |     3 ||    23
       Potion            |     2 |     1 |     5 |     4 ||    12
 Stab: Sleeping          |     1 |       |       |       ||     1
       Petrified         |       |     3 |       |       ||     3
       Confused          |       |       |     5 |       ||     5
       Distracted        |       |       |     1 |       ||     1
Armor: Skin              |    34 |    60 |   155 |    41 ||   290
Dodge: Dodged            |    33 |    72 |   283 |   121 ||   509

Levels and vault maps discovered:
D:1:      scummos_arrival_gate, layout_loops_corners, chequers_jeans,
          st_stairs_2, minivault_24
D:2:      layout_loops_cross
D:3:      minmay_evil_eye, layout_loops_corners, grunt_gozag_statues,
          trog_antimagical, elyvilon_altar_3, serial_co_window_serial,
          co_window_of_opportunity_a, co_window_paths_b, co_window_paths_a,
          co_window_of_opportunity_a, co_window_paths_a, co_window_broadway_b,
          co_window_corner_b, co_window_paths_c, co_window_corner_b,
          co_window_cross_3, co_window_paths_d, glass_columns_a,
          glass_columns_a, uniq_grinder, uniq_ijyb
D:4:      layout_basic, lightli_minifort, uniq_sigmund
D:5:      gammafunk_wand_slinger, layout_layer_cave,
          minmay_temple_entry_poolview, kennysheep_generic_room_3, uniq_pikel
D:6:      layout_cave_pools, mainiacjoe_overflow_chevrons, minitemple,
          gup_sewer_entry_spiral
D:7:      layout_cave_pools
D:8:      layout_loops_ring, nicolae_qazlal_eye_of_the_storm, uniq_maggie
D:9:      layout_basic, kennysheep_generic_room_9, uniq_joseph
D:10:     layout_roguey, dpeg_oklobed_lair, serial_shops,
          nicolae_shop_waterfront, nicolae_blasting_shop,
          minmay_fractal_squares_5
Lair:1:   layout_chaotic_city, enter_volcano_2, grunt_megastairs_5
Lair:2:   layout_chaotic_city

Notes
Turn   | Place    | Note
-------+----------+-------------------------------------------
     0 | D:1      | demibob the Draconian Chaos Knight began the quest for the
                  | Orb.
     0 | D:1      | Reached XP level 1. HP: 19/19 MP: 1/1
   110 | D:1      | XOM: silly message
   374 | D:1      | XOM: noise
   402 | D:1      | Reached XP level 2. HP: 19/26 MP: 2/2
   946 | D:1      | XOM: divination: detect items
   961 | D:2      | XOM: potion effect (brilliance)
   964 | D:2      | Gained mutation: You are covered in fur. (AC +1) [potion of
                  | mutation]
   964 | D:2      | Gained mutation: You occasionally lose the ability to read
                  | scrolls when taking damage. [potion of mutation]
   964 | D:2      | Gained mutation: You are weak. (Str -2) [potion of
                  | mutation]
   966 | D:2      | XOM: potion effect (curing)
   974 | D:2      | XOM: cast spell 'Summon Small Mammal'
   976 | D:2      | Reached skill level 4 in Unarmed Combat
   976 | D:2      | Reached XP level 3. HP: 27/31 MP: 3/3
   978 | D:2      | Reached skill level 5 in Unarmed Combat
   978 | D:2      | Reached XP level 4. HP: 33/38 MP: 4/4
  1720 | D:2      | XOM: divination: detect items
  1746 | D:2      | XOM: cloud trail
  1751 | D:3      | You fall into a shaft and drop 2 floors!
  1751 | D:5      | Entered Level 5 of the Dungeon
  1755 | D:5      | Noticed a necrophage
  1775 | D:5      | Killed a necrophage
  1776 | D:5      | Reached XP level 5. HP: 37/45 MP: 5/5
  1778 | D:5      | XOM: summons friendly crimson imp
  1788 | D:5      | Reached skill level 6 in Unarmed Combat
  1819 | D:5      | XOM: god gift: inky potion {god gift}
  1840 | D:5      | XOM: 1-stop teleportation journey
  1877 | D:5      | XOM: give mutation
  1877 | D:5      | Gained mutation: You possess an exceptional clarity of
                  | mind. [Xom's grace]
  1884 | D:5      | XOM: give mutations
  1884 | D:5      | Gained mutation: Your mind is acute. (Int +4, Str/Dex -1)
                  | [Xom's grace]
  1884 | D:5      | Gained mutation: Your tail ends in a venomous barb. [Xom's
                  | grace]
  1884 | D:5      | Gained mutation: Your mind is very acute. (Int +8, Str/Dex
                  | -2) [Xom's grace]
  1884 | D:5      | Gained mutation: You expend magic power (3 MP) to
                  | strengthen your wands. [Xom's grace]
  1906 | D:5      | Noticed a lemure
  1907 | D:5      | Noticed Pikel
  1907 | D:5      | Noticed a lemure
  1907 | D:5      | Noticed a lemure
  1918 | D:5      | XOM: summons friendly white imp
  1928 | D:5      | Noticed a lemure
  1928 | D:5      | Pikel changed into Pikel the tengu
  1928 | D:5      | Noticed Pikel
  1928 | D:5      | XOM: polymorph Pikel -> Pikel the tengu
  1932 | D:5      | Killed a lemure
  1932 | D:5      | Killed Pikel the tengu
  1932 | D:5      | Killed a lemure
  1932 | D:5      | XOM: divine lightning
  2025 | D:5      | Noticed an ogre
  2031 | D:5      | XOM: smoke on damage
  2038 | D:5      | Killed an ogre
  2039 | D:5      | Reached skill level 7 in Unarmed Combat
  2039 | D:5      | Reached XP level 6. HP: 51/51 MP: 6/6
  2089 | D:4      | Identified the +5 whip of Interdependent Arising {venom,
                  | Dex+3}
  2259 | D:4      | Noticed Sigmund
  2275 | D:4      | Killed Sigmund
  2369 | D:4      | Reached skill level 8 in Unarmed Combat
  2424 | D:4      | Your scales start taking on an icy white colour.
  2424 | D:4      | Reached XP level 7. HP: 37/57 MP: 7/7
  2424 | D:4      | Gained mutation: Your flesh is cold resistant. (rC+) [White
                  | Draconian growth]
  2426 | D:4      | XOM: confuse monster(s)
  2603 | D:4      | HP: 2/57 [gnoll sergeant/+0 trident (4)]
  2815 | D:4      | XOM: give mutation
  2815 | D:4      | Gained mutation: Your flesh is heat resistant. (rF+) [Xom's
                  | grace]
  3235 | D:5      | Found a transporter.
  3241 | D:5      | Noticed a kobold demonologist
  3274 | D:5      | Found a transporter.
  3293 | D:5      | XOM: summons friendly crimson imp
  3432 | D:5      | Reached skill level 9 in Unarmed Combat
  3573 | D:5      | XOM: cloud trail
  3634 | D:5      | XOM: 1-stop teleportation journey
  3698 | D:5      | Found a staircase to the Ecumenical Temple.
  4124 | D:5      | Reached XP level 8. HP: 57/63 MP: 8/8
  4417 | D:6      | Reached skill level 10 in Unarmed Combat
  4460 | D:6      | XOM: polymorph adder -> bat
  4481 | D:6      | XOM: summons 8 friendly demons
  4587 | D:6      | Found a glowing drain.
  4596 | Sewer    | Entered a sewer
  4723 | Sewer    | Reached skill level 11 in Unarmed Combat
  4724 | Sewer    | XOM: god gift: green potion {god gift}
  4854 | Sewer    | XOM: fake destruction
  5231 | D:6      | Found a sacrificial altar of Ru.
  5244 | D:6      | Found an iron altar of Okawaru.
  5247 | D:6      | Found a burning altar of Makhleb.
  5424 | D:6      | Found a shimmering altar of Xom.
  5451 | D:6      | XOM: summons friendly crimson imp
  5477 | D:6      | Reached skill level 12 in Unarmed Combat
  5477 | D:6      | Reached XP level 9. HP: 24/70 MP: 9/9
  5527 | D:6      | XOM: noise
  6007 | D:6      | XOM: cloud trail
  6170 | D:7      | XOM: 4-stop teleportation journey
  6303 | D:7      | Identified the -2 pair of boots of Vogoir {*Slow rElec
                  | rPois SInv}
  6531 | D:7      | XOM: god gift: 678 gold pieces
  6561 | D:7      | XOM: stat loss: -1 Str (10/11)
  6675 | D:8      | Got the Spellbook of the Transmuted Curse
  6694 | D:8      | Noticed Maggie
  6704 | D:8      | XOM: scenery: summon butterflies
  6706 | D:8      | XOM: 1-stop teleportation journey
  6720 | D:8      | XOM: divination: detect items
  6733 | D:8      | Killed Maggie
  6734 | D:8      | Reached skill level 13 in Unarmed Combat
  6898 | D:8      | XOM: confuse monster(s)
  7114 | D:8      | Found a stormy altar of Qazlal.
  7125 | D:8      | XOM: confuse monster(s)
  7339 | D:8      | XOM: give mutations
  7339 | D:8      | Gained mutation: You have sharp toenails. [Xom's grace]
  7339 | D:8      | Gained mutation: You passively dampen the noise of your
                  | surroundings. [Xom's grace]
  7339 | D:8      | Lost mutation: You have sharp toenails. [Xom's grace]
  7339 | D:8      | Gained mutation: You have large cloven feet. [Xom's grace]
  7339 | D:8      | Gained mutation: You have a pair of small antennae on your
                  | head. [Xom's grace]
  7571 | D:8      | Noticed a gargoyle
  7577 | D:8      | Killed a gargoyle
  7578 | D:8      | Reached skill level 4 in Fighting
  7578 | D:8      | Reached skill level 3 in Dodging
  7655 | D:8      | XOM: scenery: summon butterflies
  7680 | D:8      | Identified the ring of the Marlin {rF+ MP+9 Int+3} (Xom
                  | gifted it to you on level 8 of the Dungeon)
  7680 | D:8      | XOM: god gift: ring of the Marlin {rF+ MP+9 Int+3}
  7825 | D:8      | XOM: give mutation
  7825 | D:8      | Lost mutation: You are weak. (Str -2) [Xom's grace]
  7877 | D:9      | XOM: cloud trail
  8037 | D:9      | Noticed Joseph
  8056 | D:9      | Killed Joseph
  8057 | D:9      | Reached XP level 10. HP: 30/80 MP: 10/10
  8491 | D:9      | Reached skill level 5 in Fighting
  8552 | D:9      | Reached skill level 14 in Unarmed Combat
  8671 | D:9      | Reached skill level 4 in Dodging
  8902 | D:9      | XOM: silly message
  9139 | D:9      | XOM: cloud trail
  9272 | D:9      | XOM: divination: magic mapping
  9402 | D:9      | XOM: silly message
  9830 | D:10     | Entered Level 10 of the Dungeon
  9845 | D:10     | Noticed a two-headed ogre
  9852 | D:10     | Killed a two-headed ogre
  9853 | D:10     | Reached skill level 6 in Fighting
 10055 | D:10     | Reached skill level 5 in Dodging
 10171 | D:10     | Found Zuimyak's Demolitions Depot.
 10222 | D:10     | XOM: give mutations
 10222 | D:10     | Lost mutation: You have large cloven feet. [Xom's mischief]
 10222 | D:10     | Lost mutation: You possess an exceptional clarity of mind.
                  | [Xom's mischief]
 10222 | D:10     | Lost mutation: Your tail ends in a venomous barb. [Xom's
                  | mischief]
 10222 | D:10     | Lost mutation: You expend magic power (3 MP) to strengthen
                  | your wands. [Xom's mischief]
 10291 | D:10     | Noticed a two-headed ogre
 10301 | D:10     | Killed a two-headed ogre
 10302 | D:10     | Reached skill level 7 in Fighting
 10339 | D:10     | XOM: 3-stop teleportation journey
 10340 | D:10     | Noticed a gargoyle
 10349 | D:10     | XOM: torment (24/86 hp)
 10350 | D:10     | XOM: fog
 10369 | D:10     | XOM: polymorph troll -> tarantella
 10641 | D:10     | XOM is BORED!
 10641 | D:10     | XOM: draining
 10650 | D:10     | Found a staircase to the Lair.
 10733 | D:10     | XOM: polymorph orc warrior -> sky beast
 10752 | D:10     | XOM: enchant monster (bad)
 10971 | D:10     | XOM: draining
 11198 | D:10     | Found Jiuthep's Antique Weapon Shoppe.
 11291 | D:10     | XOM: torment (35/67 hp)
 11476 | Lair:1   | Entered Level 1 of the Lair of Beasts
 11491 | Lair:1   | XOM: torment (34/69 hp)
 11538 | Lair:1   | Reached XP level 11. HP: 47/76 MP: 11/11
 11727 | Lair:1   | You fall into a shaft and drop 1 floor!
 11749 | Lair:2   | Reached skill level 6 in Dodging
 11824 | Lair:1   | HP: 7/83 [yak (5)]
 11827 | Lair:1   | HP: 3/83 [basilisk (5)]
 11829 | Lair:1   | XOM: enchant monster (bad)
 11832 | Lair:1   | Mangled by a basilisk

Vanquished Creatures
  2 two-headed ogres (D:10)
  Joseph (D:9)
  A gargoyle (D:8)
  Maggie (D:8)
  A cane toad (Lair:2)
  2 trolls (D:10)
  A tarantella (D:10)
  A shadow (D:9)
  Sigmund (D:4)
  3 wraiths
  2 wyverns
  6 water moccasins
  An acid dragon (D:9)
  2 orc warriors
  A black bear (D:7)
  2 ogres (D:5)
  2 sky beasts
  4 centaurs
  A phantom (D:5)
  3 kobold brigands
  5 bullfrogs
  2 gnoll sergeants
  4 scorpions
  2 necrophages
  A wight (D:9)
  5 killer bees (D:9)
  5 howler monkeys (D:8)
  A jelly (D:6)
  7 orc priests
  5 hounds
  A gnoll bouda (D:8)
  3 iguanas (D:6)
  6 orc wizards
  9 adders
  14 gnolls
  7 river rats (Sewer)
  2 white imps
  A worm (D:4)
  A dart slug (D:2)
  24 orcs
  2 bats
  7 endoplasms
  3 giant cockroaches
  6 goblins
  3 hobgoblins
  18 kobolds
  7 quokkas
  7 ball pythons
  12 frilled lizards
  11 rats
219 creatures vanquished.

Vanquished Creatures (collateral kills)
  An adder (D:6)
  A white imp (D:6)
  A bat (D:6)
  A hobgoblin (D:2)
  A kobold (D:2)
5 creatures vanquished.

Vanquished Creatures (others)
  A tengu (D:5)
  2 lemures (D:5)
  3 plants
6 creatures vanquished.

Grand Total: 230 creatures vanquished

Table legend: (Time is in decaauts)
 A = Elapsed time spent in this place.
 B = Non-inter-level travel time spent in this place.
 C = Inter-level travel time spent in this place.
 D = Time resting spent in this place.
 E = Time spent auto-exploring this place.
 F = Levels seen in this place.
 G = Mean time per level.
                   A        B        C        D        E       F      G
               +--------+--------+--------+--------+--------+-----+--------+
         Total |  11744 |  11367 |    377 |    692 |   8824 |  13 |  903.4 |
       Dungeon |  10871 |  10494 |    377 |    692 |   8195 |  10 | 1087.1 |
          Lair |    338 |    338 |      0 |      0 |    253 |   2 |  169.0 |
         Sewer |    533 |    533 |      0 |      0 |    375 |   1 |  533.0 |
               +--------+--------+--------+--------+--------+-----+--------+

Top non-repeatable levels by time:
     D:9: 2158 daAuts
     D:5: 1515 daAuts
    D:10: 1395 daAuts
     D:8: 1183 daAuts
     D:6: 1170 daAuts
     D:4: 1090 daAuts
     D:1: 957 daAuts
     D:2: 789 daAuts
     D:7: 609 daAuts
   Sewer: 533 daAuts
  Lair:1: 259 daAuts
  Lair:2: 78 daAuts
     D:3: 0 daAuts

Table legend:
 A = Non-vault XP
 B = Vault XP
 C = Vault XP percentage of total XP
 D = Non-vault monster count
 E = Vault monster count
 F = Vault count percentage of total count
                 A         B        C        D         E       F
            +---------+---------+-------+---------+---------+-------
      Total |    9324 |    2500 |  21.1 |     171 |      54 |  24.0
            +---------+---------+-------+---------+---------+-------
        D:1 |      19 |       6 |  24.0 |      12 |       4 |  25.0
        D:2 |     114 |       0 |   0.0 |      15 |       0 |   0.0
        D:4 |     141 |     354 |  71.5 |      22 |       5 |  18.5
        D:5 |     750 |     124 |  14.2 |      15 |       3 |  16.7
        D:6 |    1200 |      36 |   2.9 |      30 |       7 |  18.9
        D:7 |     455 |       0 |   0.0 |      12 |       0 |   0.0
        D:8 |    1433 |     389 |  21.4 |      27 |       1 |   3.6
        D:9 |    1355 |     745 |  35.5 |      17 |       3 |  15.0
       D:10 |    2555 |     705 |  21.6 |      13 |       4 |  23.5
     Lair:1 |     549 |       0 |   0.0 |       4 |       0 |   0.0
     Lair:2 |     753 |       0 |   0.0 |       4 |       0 |   0.0
      Sewer |       0 |     141 | 100.0 |       0 |      27 | 100.0
            +---------+---------+-------+---------+---------+-------
